 Dungeon Crawl Stone Soup version 0.30-a0-451-ge042605de7 (webtiles) character file.

Game seed: 14132791511384340620

1405 billz999 the Skirmisher (level 8, -3/64 HPs)
             Began as a Gnoll Hunter on Dec 11, 2022.
             Was an Initiate of Gozag.
             Engulfed by a cloud of steam (9 damage)
             ... on level 5 of the Dungeon.
             The game lasted 00:06:28 (5841 turns).

billz999 the Skirmisher (Gnoll Hunter)              Turns: 5841, Time: 00:06:29

Health: -3/64      AC:  7    Str: 10    XL:     8   Next: 70%
Magic:  13/13      EV: 15    Int:  8    God:    Gozag
Gold:   591        SH:  0    Dex: 19    Spells: 14/14 levels left

rFire   . . .      SeeInvis .    a - +0 shortbow
rCold   . . .      Faith    .    (shield currently unavailable)
rNeg    . . .      Spirit   .    c - +0 leather armour
rPois   .          Reflect  .    h - +1 helmet
rElec   .          Harm     .    (no cloak)
rCorr   .          Rampage  .    d - +1 pair of gloves
Will    .....                    (no boots)
Stlth   +++.......               (no amulet)
HPRegen 0.30/turn                (no ring)
MPRegen 0.13/turn                (no ring)

@: gold aura
A: fangs 1, strong nose, distributed training
a: Renounce Religion, Potion Petition, Call Merchant, Bribe Branch


You were on level 5 of the Dungeon.
You worshipped Gozag.
Gozag was pleased with you.
You visited 1 branch of the dungeon, and saw 6 of its levels.

You collected 673 gold pieces.
You spent 82 gold pieces at shops.

Inventory:

Hand Weapons
 a - a +0 shortbow (weapon)
Armour
 c - a +0 leather armour (worn)
 d - a +1 pair of gloves (worn)
 h - a +1 helmet (worn)
Jewellery
 w - a +6 ring of strength
Wands
 l - a wand of flame (6)
Scrolls
 b - 3 scrolls of immolation
 e - a scroll of enchant armour
 f - 2 scrolls of silence {unknown}
 k - a scroll of vulnerability {unknown}
 m - 2 scrolls of identify {unknown}
 n - a scroll of blinking
 q - a scroll of magic mapping {unknown}
 t - a scroll of butterflies {unknown}
 v - 3 scrolls of teleportation {unknown}
 y - a scroll of fear {unknown}
Potions
 g - a potion of attraction {unknown}
 i - a potion of ambrosia {unknown}
 j - a potion of invisibility {unknown}
 o - 2 potions of resistance {unknown}
 p - a potion of haste {unknown}
 r - a potion of lignification {unknown}
 s - 2 potions of mutation {unknown}
 u - a potion of curing
 x - a potion of degeneration {unknown}
 z - a potion of flight {unknown}
 A - a potion of might {unknown}


   Skills:
 + Level 5.9 Fighting
 + Level 3.6 Short Blades
 + Level 3.6 Long Blades
 + Level 3.6 Axes
 + Level 3.6 Maces & Flails
 + Level 3.6 Polearms
 + Level 3.6 Staves
 + Level 9.3 Ranged Weapons
 + Level 3.6 Throwing
 + Level 3.6 Armour
 + Level 5.9 Dodging
 + Level 4.4 Stealth
 + Level 3.6 Shields
 + Level 3.6 Unarmed Combat
 + Level 3.6 Spellcasting
 + Level 3.0 Conjurations
 + Level 3.0 Hexes
 + Level 3.0 Summonings
 + Level 3.0 Necromancy
 + Level 3.0 Translocations
 + Level 3.0 Transmutations
 + Level 3.0 Fire Magic
 + Level 3.0 Ice Magic
 + Level 3.0 Air Magic
 + Level 3.0 Earth Magic
 + Level 3.0 Poison Magic
 + Level 4.0 Invocations
 + Level 3.6 Evocations


You had 14 spell levels left.
You didn't know any spells.
Your spell library contained the following spells:

 Spells                   Type           Power      Damage    Failure   Level
 Apportation              Tloc           12%        N/A       12%         1
 Necrotise                Necr           24%        1d5       12%         1
 Summon Small Mammal      Summ           24%        N/A       12%         1
 Ensorcelled Hibernation  Hex/Ice        12%        N/A       17%         2
 Spider Form              Tmut/Pois      6%         N/A       34%         3
 Anguish                  Hex/Necr       3%         N/A       75%         4


Dungeon Overview and Level Annotations

Branches:
Dungeon (6/15)
 Temple: D:4-7

Altars:
Elyvilon
Fedhas
Gozag
Kikubaaqudgha
Qazlal
Vehumet

Shops:
D:4 ?


Innate Abilities, Weirdness & Mutations

You have very sharp teeth.
Your uncanny sense of smell can sniff out nearby items.
Your experience applies equally to all skills.


Message History

You are engulfed in a cloud of scalding steam.
The steam dragon bites you but does no damage.
The steam dragon closely misses you.
You climb upwards.
There is a stone staircase leading down here.
A steam dragon is nearby!
A steam dragon is nearby!
You are too injured to fight recklessly!
Fire: a) +0 shortbow
Press: ? - help, Shift-Dir - straight line, f - steam dragon
Aim: a steam dragon (moderately wounded, catching its breath, 67% to hit)
You shoot an arrow. The arrow hits the steam dragon!
The steam dragon is severely wounded.
The steam dragon misses you. The steam dragon claws you.
Unknown command.
Fire: a) +0 shortbow
Press: ? - help, Shift-Dir - straight line, f/p - steam dragon
Aim: a steam dragon (heavily wounded, catching its breath, 67% to hit)
You shoot an arrow. The arrow hits the steam dragon.
The steam dragon is severely wounded.
The steam dragon bites you.
* * * LOW HITPOINT WARNING * * *
The steam dragon barely misses you.
Fire: a) +0 shortbow
Press: ? - help, Shift-Dir - straight line, f/p - steam dragon
Aim: a steam dragon (severely wounded, 67% to hit)
You shoot an arrow.
The arrow hits the steam dragon but does no damage.
The steam dragon is severely wounded.
The steam dragon breathes steam at you. The ball of steam hits you!
* * * LOW HITPOINT WARNING * * *
Fire: a) +0 shortbow
Press: ? - help, Shift-Dir - straight line, f/p - steam dragon
Aim: a steam dragon (steam, severely wounded, 67% to hit)
You shoot an arrow. The arrow hits the steam dragon!
You kill the steam dragon!
You are engulfed in a cloud of scalding steam.
You die...
Your body crumbles into a pile of gold.

##### ####...####
##.........###
##............##
##..............## ###
#............§...##
###..
##..........§§@§...##
#....
#.......<...........#
#....
#..................##
##...
##..................#
####
#...................#
#
##..................##
##
#..................##
#.
####............####
##. ###......#####
##..


There were no monsters in sight!

Vanquished Creatures
  Eustachio (D:5)
  A yak (D:6)
  A steam dragon (D:5)
  3 ogres
  2 phantoms (D:5)
  A centaur (D:5)
  2 scorpions (D:5)
  A wight (D:5)
  3 hounds
  A gnoll bouda (D:4)
  2 jellies (D:4)
  Jessica (D:2)
  3 iguanas (D:5)
  Natasha (D:2)
  5 adders
  2 shadow imps
  A white imp (D:6)
  A worm (D:5)
  6 dart slugs
  5 orcs
  7 endoplasms
  3 giant cockroaches
  5 goblins
  7 hobgoblins
  7 jackals
  3 quokkas
  6 ball pythons
  8 bats
  3 frilled lizards (D:3)
  6 kobolds
  4 rats
102 creatures vanquished.

Vanquished Creatures (others)
  6 fungi (D:5)
  A plant (D:1)
7 creatures vanquished.

Grand Total: 109 creatures vanquished

Notes
Turn   | Place    | Note
-------+----------+-------------------------------------------
     0 | D:1      | billz999 the Gnoll Hunter began the quest for the Orb.
     0 | D:1      | Reached XP level 1. HP: 20/20 MP: 1/1
    41 | D:1      | Found a faded altar of an unknown god.
    74 | D:1      | Prayed at the altar of an unknown god.
    74 | D:1      | Became a worshipper of Gozag Ym Sagoz the Greedy
   184 | D:1      | Reached XP level 2. HP: 26/26 MP: 2/2
   868 | D:2      | Noticed Jessica
   871 | D:2      | Killed Jessica
   872 | D:2      | Reached skill level 1 in Short Blades
   872 | D:2      | Reached skill level 1 in Long Blades
   872 | D:2      | Reached skill level 1 in Axes
   872 | D:2      | Reached skill level 1 in Maces & Flails
   872 | D:2      | Reached skill level 1 in Polearms
   872 | D:2      | Reached skill level 1 in Staves
   872 | D:2      | Reached skill level 1 in Throwing
   872 | D:2      | Reached skill level 1 in Armour
   872 | D:2      | Reached skill level 1 in Shields
   872 | D:2      | Reached skill level 1 in Unarmed Combat
   872 | D:2      | Reached skill level 1 in Spellcasting
   872 | D:2      | Reached skill level 1 in Invocations
   872 | D:2      | Reached skill level 1 in Evocations
   872 | D:2      | Reached XP level 3. HP: 31/31 MP: 2/4
   926 | D:2      | Reached XP level 4. HP: 38/38 MP: 5/5
  1181 | D:2      | Noticed Natasha
  1183 | D:2      | Killed Natasha
  1184 | D:2      | Reached skill level 1 in Conjurations
  1184 | D:2      | Reached skill level 1 in Hexes
  1184 | D:2      | Reached skill level 1 in Summonings
  1184 | D:2      | Reached skill level 1 in Necromancy
  1184 | D:2      | Reached skill level 1 in Translocations
  1184 | D:2      | Reached skill level 1 in Transmutations
  1184 | D:2      | Reached skill level 1 in Fire Magic
  1184 | D:2      | Reached skill level 1 in Ice Magic
  1184 | D:2      | Reached skill level 1 in Air Magic
  1184 | D:2      | Reached skill level 1 in Earth Magic
  1184 | D:2      | Reached skill level 1 in Poison Magic
  1512 | D:3      | Found a radiant altar of Vehumet.
  1555 | D:3      | Reached XP level 5. HP: 43/43 MP: 5/7
  1698 | D:3      | Found an ancient bone altar of Kikubaaqudgha.
  2709 | D:4      | Found Tiutypouth's Magic Scroll Shoppe.
  2718 | D:4      | Bought a scroll of blinking for 82 gold pieces
  2957 | D:4      | Reached XP level 6. HP: 50/50 MP: 8/8
  2997 | D:4      | Reached skill level 5 in Fighting
  2997 | D:4      | Reached skill level 5 in Dodging
  3198 | D:5      | Entered Level 5 of the Dungeon
  3229 | D:5      | Reached XP level 7. HP: 18/56 MP: 10/10
  3891 | D:5      | Noticed Eustachio
  3912 | D:5      | Killed Eustachio
  3913 | D:5      | Reached skill level 9 in Ranged Weapons
  4377 | D:5      | Reached XP level 8. HP: 59/63 MP: 12/12
  4703 | D:5      | Found a stormy altar of Qazlal.
  4708 | D:5      | Found a white marble altar of Elyvilon.
  4725 | D:5      | Found a blossoming altar of Fedhas.
  5559 | D:6      | Noticed a yak
  5562 | D:6      | Noticed a yak
  5563 | D:6      | Noticed a yak
  5568 | D:6      | Killed a yak
  5841 | D:5      | Engulfed by a cloud of steam

Illustrated notes

Levels and vault maps discovered:
D:1:      heliophobic_arrival_battle_scene, layout_basic,
          hellmonk_ecumenical_altar_pennies_from_heaven, kennysheep_boxes
D:2:      layout_loops_ring, grunt_ministairs_6, uniq_jessica, uniq_natasha
D:3:      layout_basic, nicolae_overflow_crystal_walls, vehumet_altar_wand_db,
          minmay_misc_feat_chi
D:4:      minmay_opposing_rooms, layout_cave_pools, serial_shops, shop
D:5:      layout_cave_pods, old_standard_altar,
          mainiacjoe_overflow_catch_the_wave, uniq_eustachio
D:6:      layout_rooms, mainiacjoe_overflow_tiny_flanked, led_sif_book,
          temple_hall, minmay_misc_feat_tower, chequers_serial_rivers_micro_e

Skill      XL: |  1  2  3  4  5  6  7  8 |
---------------+-------------------------+-----
Short Blades   | 1 2 3 |  3.6
Long Blades    | 1 2 3 |  3.6
Axes           | 1 2 3 |  3.6
Maces & Flails | 1 2 3 |  3.6
Polearms       | 1 2 3 |  3.6
Staves         | 1 2 3 |  3.6
Throwing       | 1 2 3 |  3.6
Armour         | 1 2 3 |  3.6
Shields        | 1 2 3 |  3.6
Unarmed Combat | 1 2 3 |  3.6
Spellcasting   | 1 2 3 |  3.6
Invocations    | 1 2 3 4 |  4.0
Evocations     | 1 2 3 |  3.6
Conjurations   | 1 2 3 |  3.0
Hexes          | 1 2 3 |  3.0
Summonings     | 1 2 3 |  3.0
Necromancy     | 1 2 3 |  3.0
Translocations | 1 2 3 |  3.0
Transmutations | 1 2 3 |  3.0
Fire Magic     | 1 2 3 |  3.0
Ice Magic      | 1 2 3 |  3.0
Air Magic      | 1 2 3 |  3.0
Earth Magic    | 1 2 3 |  3.0
Poison Magic   | 1 2 3 |  3.0
Stealth        | 3 4 |  4.4
Fighting       | 5 |  5.9
Dodging        | 5 |  5.9
Ranged Weapons | 9 |  9.3

Action                   |  1- 3 |  4- 6 |  7- 9 || total
-------------------------+-------+-------+-------++-------
 Fire: Shortbow          |    53 |   153 |   149 ||   355
Evoke: Wand              |       |     8 |     7 ||    15
  Use: Potion            |       |     2 |       ||     2
       Scroll            |       |       |     2 ||     2
Armor: Leather armour    |     1 |    12 |    29 ||    42
Dodge: Dodged            |     5 |    57 |    92 ||   154

Table legend: (Time is in decaauts)
 A = Elapsed time spent in this place.
 B = Non-inter-level travel time spent in this place.
 C = Inter-level travel time spent in this place.
 D = Time resting spent in this place.
 E = Time spent auto-exploring this place.
 F = Levels seen in this place.
 G = Mean time per level.
                   A        B        C        D        E       F      G
               +--------+--------+--------+--------+--------+-----+--------+
         Total |   5882 |   5666 |    216 |    893 |   4103 |   6 |  980.3 |
       Dungeon |   5882 |   5666 |    216 |    893 |   4103 |   6 |  980.3 |
               +--------+--------+--------+--------+--------+-----+--------+

Top non-repeatable levels by time:
     D:5: 2283 daAuts
     D:3: 1072 daAuts
     D:4: 975 daAuts
     D:1: 824 daAuts
     D:2: 651 daAuts
     D:6: 75 daAuts
